TOP OF THE 1ST |
Cincinnati Reds batting - Pitching for Milwaukee Brewers : LHP Zach Purvis
|
Pitching: LHP Zach Purvis
|
|
Batting: RHB Willie Lazcano
|
0-0: Foul Ball, location: 2F 0-1: Ball 1-1: Ball 2-1: Ground out 1-3 (Groundball, 25, EV 69.4 MPH)
|
Batting: LHB Sean Geisler
|
0-0: Ball 1-0: Fly out, F8 (Flyball, 8LD, EV 98.1 MPH)
|
Batting: RHB Bruno André
|
0-0: Called Strike 0-1: Swinging Strike 0-2: Ball 1-2: SINGLE (Line Drive, 89S, EV 93.1 MPH)
|
Batting: SHB Saulo Maina
|
0-0: Called Strike 0-1: Ball 1-1: Ball 2-1: Foul Ball, location: 2F 2-2: Foul Ball, location: 2F 2-2: Ground out 2-3 (Groundball, 15S, EV 73.1 MPH)
|
Top of the 1st over - 0 runs, 1 hit, 0 errors, 1 left on base; Cincinnati 0 - Milwaukee 0 |
BOTTOM OF THE 1ST |
Milwaukee Brewers batting - Pitching for Cincinnati Reds : LHP Jeff Baker
|
Pitching: LHP Jeff Baker
|
|
Batting: RHB Kisho Ito
|
0-0: Ball 1-0: Swinging Strike 1-1: Ground out U3 (Groundball, 13, EV 93.8 MPH)
|
Batting: RHB Adrian Rudkilde
|
0-0: Ball 1-0: Called Strike 1-1: Ground out 6-3 (Groundball, 6, EV 100.6 MPH)
|
Batting: SHB Lewis Thorpe Jr.
|
0-0: Foul Ball, location: 2F 0-1: Ball 1-1: Called Strike 1-2: Strikes out swinging
|
Bottom of the 1st over - 0 runs, 0 hits, 0 errors, 0 left on base; Cincinnati 0 - Milwaukee 0 |
TOP OF THE 2ND |
Cincinnati Reds batting - Pitching for Milwaukee Brewers : LHP Zach Purvis
|
Batting: SHB Dave Barefoot
|
0-0: Ball 1-0: Ball 2-0: Foul Ball, location: 2F 2-1: Ground out 4-3 (Groundball, 4, EV 93.8 MPH)
|
Batting: LHB Jon Ledesma
|
0-0: Called Strike 0-1: Ball 1-1: Ball 2-1: Foul Ball, location: 2F 2-2: Strikes out swinging
|
Batting: RHB Joseph Kirchmann
|
0-0: Called Strike 0-1: Foul Ball, location: 2F 0-2: Ball 1-2: Strikes out looking
|
Top of the 2nd over - 0 runs, 0 hits, 0 errors, 0 left on base; Cincinnati 0 - Milwaukee 0 |
BOTTOM OF THE 2ND |
Milwaukee Brewers batting - Pitching for Cincinnati Reds : LHP Jeff Baker
|
Batting: SHB Jason Woods
|
0-0: Called Strike 0-1: Ball 1-1: Ball 2-1: Swinging Strike 2-2: SINGLE (Groundball, 6MD, EV 106.2 MPH)
|
Batting: RHB Noah Stanley
|
0-0: Called Strike Jason Woods steals 2nd base (no throw) 0-1: Ball 1-1: Ball 2-1: Foul Ball, location: 2F 2-2: Ground out 5-3 (Groundball, 56S, EV 87.5 MPH)
|
Batting: SHB Jamel Wright
|
0-0: Ball 1-0: Ball 2-0: Ground out 6-3 (Groundball, 6MS, EV 66.9 MPH) Jason Woods to third
|
Batting: RHB Daniel Donovan
|
0-0: SINGLE (Groundball, 4D, EV 97.5 MPH) Jason Woods scores
|
Batting: RHB Ben Campbell
|
0-0: Foul Ball, location: 2F 0-1: Ball 1-1: Called Strike 1-2: Foul Ball, location: 2F 1-2: Foul Ball, location: 2F 1-2: Foul Ball, location: 2F 1-2: Fly out, F8 (Line Drive, 8RD, EV 89.4 MPH)
|
Bottom of the 2nd over - 1 run, 2 hits, 0 errors, 1 left on base; Cincinnati 0 - Milwaukee 1 |
TOP OF THE 3RD |
Cincinnati Reds batting - Pitching for Milwaukee Brewers : LHP Zach Purvis
|
Batting: RHB Fred Slade
|
0-0: Ball 1-0: Called Strike 1-1: Called Strike 1-2: Strikes out swinging, 2-3 out at first.
|
Batting: LHB Andy Arbuckle
|
0-0: Called Strike 0-1: Foul Ball, location: 2F 0-2: Fly out, F9 (Flyball, 9S, EV 89.4 MPH)
|
Batting: RHB Willie Lazcano
|
0-0: DOUBLE (Groundball, 5L, EV 107.5 MPH)
|
Batting: LHB Sean Geisler
|
0-0: Called Strike 0-1: Swinging Strike 0-2: Ground out 1-3 (Groundball, 13S, EV 63.8 MPH)
|
Top of the 3rd over - 0 runs, 1 hit, 0 errors, 1 left on base; Cincinnati 0 - Milwaukee 1 |
BOTTOM OF THE 3RD |
Milwaukee Brewers batting - Pitching for Cincinnati Reds : LHP Jeff Baker
|
Batting: SHB Jean-François Bernard
|
0-0: Ball 1-0: Foul Ball, location: 2F 1-1: Bunt missed! 1-2: Ball 2-2: Foul Ball, location: 2F 2-2: Foul Ball, location: 2F 2-2: Strikes out swinging
|
Batting: RHB Kisho Ito
|
0-0: Ball 1-0: Called Strike 1-1: Ground out 4-3 (Groundball, 4M, EV 96.2 MPH)
|
Batting: RHB Adrian Rudkilde
|
0-0: Ball 1-0: Foul Ball, location: 2F 1-1: Ball 2-1: Called Strike 2-2: Foul Ball, location: 2F 2-2: Ball 3-2: Strikes out looking
|
Bottom of the 3rd over - 0 runs, 0 hits, 0 errors, 0 left on base; Cincinnati 0 - Milwaukee 1 |
TOP OF THE 4TH |
Cincinnati Reds batting - Pitching for Milwaukee Brewers : LHP Zach Purvis
|
Batting: RHB Bruno André
|
0-0: Ball 1-0: Called Strike 1-1: Ball 2-1: Foul Ball, location: 2F 2-2: Ball 3-2: Base on Balls
|
Batting: SHB Saulo Maina
|
0-0: Fly out, F8 (Flyball, 8RM, EV 85.0 MPH)
|
Batting: SHB Dave Barefoot
|
0-0: Fly out, F8 (Flyball, 89M, EV 87.5 MPH)
|
Batting: LHB Jon Ledesma
|
0-0: Ball 1-0: Called Strike 1-1: Fly out, F7 (Flyball, 78S, EV 83.8 MPH)
|
Top of the 4th over - 0 runs, 0 hits, 0 errors, 1 left on base; Cincinnati 0 - Milwaukee 1 |
BOTTOM OF THE 4TH |
Milwaukee Brewers batting - Pitching for Cincinnati Reds : LHP Jeff Baker
|
Batting: SHB Lewis Thorpe Jr.
|
0-0: Ball 1-0: Ball 2-0: Ball 3-0: Called Strike 3-1: Called Strike 3-2: Fly out, F8 (Flyball, 8LD, EV 105.6 MPH)
|
Batting: SHB Jason Woods
|
0-0: Called Strike 0-1: Ball 1-1: Fly out, F5 (Popup, 5SF, EV 72.5 MPH)
|
Batting: RHB Noah Stanley
|
0-0: SINGLE (Groundball, 6MD, EV 97.5 MPH)
|
Batting: SHB Jamel Wright
|
0-0: Ball 1-0: Foul Ball, location: 2F 1-1: Ball 2-1: Foul Ball, location: 2F 2-2: Fielders Choice at 2nd, 5-4 (Groundball, 5L, EV 106.9 MPH)
|
Bottom of the 4th over - 0 runs, 1 hit, 0 errors, 1 left on base; Cincinnati 0 - Milwaukee 1 |
TOP OF THE 5TH |
Cincinnati Reds batting - Pitching for Milwaukee Brewers : LHP Zach Purvis
|
Batting: RHB Joseph Kirchmann
|
0-0: Fly out, F9 (Flyball, 9D, EV 88.8 MPH)
|
Batting: RHB Fred Slade
|
0-0: Ball 1-0: Ball 2-0: Ball 3-0: Called Strike 3-1: Called Strike 3-2: Base on Balls
|
Batting: LHB Andy Arbuckle
|
0-0: Ball 1-0: TRIPLE (Flyball, 9LD, EV 108.1 MPH) Fred Slade scores
|
Batting: RHB Willie Lazcano
|
0-0: Ball 1-0: Ground out 4-3 (Groundball, 4S, EV 67.5 MPH) Andy Arbuckle scores
|
Batting: LHB Sean Geisler
|
0-0: Ball 1-0: Foul Ball, location: 2F 1-1: SINGLE (Flyball, 4D, EV 86.9 MPH)
|
Batting: RHB Bruno André
|
0-0: Ball 1-0: Ground out 4-3 (Groundball, 34, EV 101.2 MPH)
|
Top of the 5th over - 2 runs, 2 hits, 0 errors, 1 left on base; Cincinnati 2 - Milwaukee 1 |
BOTTOM OF THE 5TH |
Milwaukee Brewers batting - Pitching for Cincinnati Reds : LHP Jeff Baker
|
Batting: RHB Daniel Donovan
|
0-0: Swinging Strike 0-1: Foul Ball, location: 2F 0-2: Ball 1-2: Foul Ball, location: 2F 1-2: Ball 2-2: Strikes out swinging
|
Batting: RHB Ben Campbell
|
0-0: Foul Ball, location: 2F 0-1: Foul Ball, location: 2F 0-2: Ball 1-2: Foul Ball, location: 2F 1-2: Ball 2-2: Fly out, F8 (Flyball, 89D, EV 100.0 MPH)
|
Batting: SHB Jean-François Bernard
|
0-0: Called Strike 0-1: Foul Ball, location: 2F 0-2: Foul Ball, location: 2F 0-2: Strikes out swinging
|
Bottom of the 5th over - 0 runs, 0 hits, 0 errors, 0 left on base; Cincinnati 2 - Milwaukee 1 |
TOP OF THE 6TH |
Cincinnati Reds batting - Pitching for Milwaukee Brewers : LHP Zach Purvis
|
Batting: SHB Saulo Maina
|
0-0: Called Strike 0-1: Ball 1-1: Ball 2-1: Hit by Pitch
|
Batting: SHB Dave Barefoot
|
0-0: Called Strike 0-1: Called Strike 0-2: Foul Ball, location: 2F 0-2: Fly out, F9 (Flyball, 9S, EV 92.5 MPH)
|
Batting: LHB Jon Ledesma
|
0-0: Ball 1-0: Ball 2-0: Ball 3-0: Called Strike 3-1: Called Strike 3-2: 2-RUN HOME RUN (Flyball, 89XD, EV 105.0 MPH), Distance : 406 ft
|
Batting: RHB Joseph Kirchmann
|
0-0: Ball 1-0: Ball 2-0: SINGLE (Line Drive, 56, EV 96.9 MPH)
|
Batting: RHB Fred Slade
|
0-0: Ball 1-0: Called Strike 1-1: Foul Ball, location: 2F 1-2: Ball 2-2: Foul Ball, location: 2F 2-2: Foul Ball, location: 2F 2-2: DOUBLE (Line Drive, 9LD, EV 109.4 MPH) Joseph Kirchmann to third Runner from 3rd tries for Home, throw by RF and OUT! 9-4-2 Fred Slade to third
|
Batting: LHB Andy Arbuckle
|
0-0: Called Strike 0-1: Foul Ball, location: 2F 0-2: Foul Ball, location: 2F 0-2: Ball 1-2: Ground out 6-3 (Groundball, 6, EV 84.4 MPH)
|
Top of the 6th over - 2 runs, 3 hits, 0 errors, 1 left on base; Cincinnati 4 - Milwaukee 1 |
BOTTOM OF THE 6TH |
Milwaukee Brewers batting - Pitching for Cincinnati Reds : LHP Jeff Baker
|
Batting: RHB Kisho Ito
|
0-0: Ball 1-0: Foul Ball, location: 2F 1-1: Ball 2-1: Ball 3-1: Ground out 5-3 (Groundball, 5, EV 82.5 MPH)
|
Batting: RHB Adrian Rudkilde
|
0-0: DOUBLE (Flyball, 78D, EV 111.2 MPH)
|
Batting: SHB Lewis Thorpe Jr.
|
0-0: Ball 1-0: Ball 2-0: Foul Ball, location: 2F 2-1: SINGLE (Groundball, 5S, EV 58.1 MPH) (infield hit) Adrian Rudkilde to third
|
Batting: SHB Jason Woods
|
0-0: Ball 1-0: Ball 2-0: Called Strike 2-1: Foul Ball, location: 2F 2-2: Foul Ball, location: 2F 2-2: Foul Ball, location: 2F 2-2: Strikes out looking
|
Batting: RHB Noah Stanley
|
0-0: Ball 1-0: Foul Ball, location: 2F 1-1: Ball 2-1: Ball 3-1: Foul Ball, location: 2F 3-2: Strikes out swinging
|
Bottom of the 6th over - 0 runs, 2 hits, 0 errors, 2 left on base; Cincinnati 4 - Milwaukee 1 |
TOP OF THE 7TH |
Cincinnati Reds batting - Pitching for Milwaukee Brewers : LHP Zach Purvis
|
Batting: RHB Willie Lazcano
|
0-0: Called Strike 0-1: Ground out 4-3 (Groundball, 4M, EV 85.6 MPH)
|
Batting: LHB Sean Geisler
|
0-0: Foul Ball, location: 2F 0-1: Foul Ball, location: 2F 0-2: Ball 1-2: Foul Ball, location: 2F 1-2: Ball 2-2: Foul Ball, location: 2F 2-2: Ground out 4-3 (Groundball, 4, EV 91.2 MPH)
|
Batting: RHB Bruno André
|
0-0: Ball 1-0: Called Strike 1-1: Ground out U3 (Groundball, 3, EV 77.5 MPH)
|
Top of the 7th over - 0 runs, 0 hits, 0 errors, 0 left on base; Cincinnati 4 - Milwaukee 1 |
BOTTOM OF THE 7TH |
Milwaukee Brewers batting - Pitching for Cincinnati Reds : LHP Jeff Baker
|
Batting: SHB Jamel Wright
|
0-0: Ball 1-0: Ball 2-0: Foul Ball, location: 2F 2-1: SINGLE (Line Drive, 8RS, EV 100.0 MPH)
|
Pitching: LHP David James
|
|
Batting: RHB Daniel Donovan
|
0-0: Ball 1-0: Ball 2-0: Called Strike 2-1: Foul Ball, location: 2F 2-2: Grounds into double play, 5-4-3 (Groundball, 56S, EV 81.9 MPH)
|
Batting: RHB Ben Campbell
|
0-0: Called Strike 0-1: SINGLE (Line Drive, 78S, EV 108.8 MPH)
|
Batting: SHB Jean-François Bernard
|
0-0: Called Strike 0-1: Foul Ball, location: 2F 0-2: Strikes out swinging
|
Bottom of the 7th over - 0 runs, 2 hits, 0 errors, 1 left on base; Cincinnati 4 - Milwaukee 1 |
TOP OF THE 8TH |
Cincinnati Reds batting - Pitching for Milwaukee Brewers : LHP Zach Purvis
|
Pitching: RHP Josh Kenyon
|
|
Batting: SHB Saulo Maina
|
0-0: Ball 1-0: Foul Ball, location: 2F 1-1: Foul Ball, location: 2F 1-2: Fly out, F7 (Flyball, 78S, EV 83.8 MPH)
|
Batting: SHB Dave Barefoot
|
0-0: Foul Ball, location: 2F 0-1: Ball 1-1: Swinging Strike 1-2: Strikes out swinging
|
Batting: LHB Jon Ledesma
|
0-0: Ball 1-0: Ball 2-0: Ball 3-0: Base on Balls
|
Batting: RHB Joseph Kirchmann
|
0-0: Ball Jon Ledesma is caught stealing 2nd base 2-4
|
Top of the 8th over - 0 runs, 0 hits, 0 errors, 0 left on base; Cincinnati 4 - Milwaukee 1 |
BOTTOM OF THE 8TH |
Milwaukee Brewers batting - Pitching for Cincinnati Reds : LHP David James
|
Pitching: RHP Ryan Terlizzi
|
|
Batting: RHB Kisho Ito
|
0-0: Called Strike 0-1: Ground out 4-3 (Groundball, 4, EV 110.6 MPH)
|
Batting: RHB Adrian Rudkilde
|
0-0: Ball 1-0: SOLO HOME RUN (Flyball, 7D, EV 100.6 MPH), Distance : 391 ft
|
Batting: SHB Lewis Thorpe Jr.
|
0-0: Called Strike 0-1: Fly out, F6 (Popup, 6MD, EV 68.1 MPH)
|
Batting: SHB Jason Woods
|
0-0: Called Strike 0-1: Fly out, F8 (Line Drive, 8RD, EV 103.1 MPH)
|
Bottom of the 8th over - 1 run, 1 hit, 0 errors, 0 left on base; Cincinnati 4 - Milwaukee 2 |
TOP OF THE 9TH |
Cincinnati Reds batting - Pitching for Milwaukee Brewers : RHP Josh Kenyon
|
Batting: RHB Joseph Kirchmann
|
0-0: Called Strike 0-1: Foul Ball, location: 2F 0-2: Foul Ball, location: 2F 0-2: Foul Ball, location: 2F 0-2: Ball 1-2: Ground out U3 (Groundball, 3S, EV 79.4 MPH)
|
Batting: RHB Fred Slade
|
0-0: SINGLE (Groundball, 4MS, EV 70.6 MPH) (infield hit)
|
Batting: LHB Andy Arbuckle
|
0-0: Fielders Choice at 2nd, 6-4 (Groundball, 6, EV 86.9 MPH)
|
Batting: RHB Willie Lazcano
|
0-0: Called Strike Andy Arbuckle steals 2nd base (no throw) 0-1: Swinging Strike 0-2: Ball 1-2: Foul Ball, location: 2F 1-2: Ball 2-2: Ground out U3 (Groundball, 34, EV 99.4 MPH)
|
Top of the 9th over - 0 runs, 1 hit, 0 errors, 1 left on base; Cincinnati 4 - Milwaukee 2 |
BOTTOM OF THE 9TH |
Milwaukee Brewers batting - Pitching for Cincinnati Reds : RHP Ryan Terlizzi
|
Batting: RHB Noah Stanley
|
0-0: Foul Ball, location: 2F 0-1: Ball 1-1: Foul Ball, location: 2F 1-2: Foul Ball, location: 2F 1-2: Strikes out looking
|
Batting: SHB Jamel Wright
|
0-0: Ball 1-0: Called Strike 1-1: SINGLE (Line Drive, 6M, EV 105.0 MPH)
|
Batting: RHB Daniel Donovan
|
0-0: Ball 1-0: Called Strike 1-1: Swinging Strike 1-2: Ball 2-2: Ball 3-2: Grounds into double play, 4-6-3 (Groundball, 4M, EV 101.2 MPH)
|
Bottom of the 9th over - 0 runs, 1 hit, 0 errors, 0 left on base; Cincinnati 4 - Milwaukee 2 |
|